 Dungeon Crawl Stone Soup version 0.32-a0-450-g080537f31e (webtiles) character file.

Game seed: 14517814676905041477

296900 snarfax the Severer (level 19, -6/164 HPs)
             Began as a Coglin Gladiator on Feb 22, 2024.
             Was the Champion of Jiyva.
             Shot with a bolt by a yaktaur captain (34 damage)
             ... on level 5 of the Vaults on Feb 23, 2024.
             The game lasted 02:00:30 (31574 turns).

snarfax the Severer (Coglin Gladiator)             Turns: 31574, Time: 02:00:32

Health: -6/164     AC: 23    Str: 28    XL:     19   Next: 61%
Magic:  0/28       EV: 22    Int:  8    God:    Jiyva [******]
Gold:   1110       SH:  0    Dex: 20    Spells: 18/18 levels left

rFire   + . .        o - +1 broad axe (spect) {Lucía}
rCold   + . .        y - +5 broad axe (flame) {Ujjalroop}
rNeg    . . .        j - +4 crystal plate armour "Qoataal" {Will+ MP+9}
rPois   .            (helmet restricted)
rElec   .            J - scarf {rC+ rF+}
rCorr   +            (no gloves)
SInv    .            (no boots)
Will    +++..        n - amulet of guardian spirit Stlth
                     m - +6 ring of dexterity
HPRegen 2.07/turn    b - +5 ring of evasion
MPRegen 1.01/turn

%: guardian spirit
@: hasted, studying 3 skills, revving, very quick
A: off-hand wielding, slow wielding, warmup strikes, legs shutdown, antennae 1,
strong-willed 1, sense surroundings 2, strong 2, eyeballs 1, gelatinous body 3,
pseudopods 2, jelly sensing items, jelly absorbing missiles
}: 3/15 runes: decaying, slimy, gossamer
a: Renounce Religion, Oozemancy, Slimify


You were on level 5 of the Vaults.
You worshipped Jiyva.
Jiyva was exalted by your worship.
You visited 8 branches of the dungeon, and saw 41 of its levels.

You collected 2624 gold pieces.
You spent 1514 gold pieces at shops.

Inventory:

Hand Weapons
 d - the +6 war axe of Bloody Death {vamp, *Rage rPois rN+ MP+9}
   (You acquired it on level 5 of the Lair of Beasts)

   rPois:     It protects you from poison rN+: It protects you from negative
   energy.
   MP+9:      It affects your magic capacity (+9).
   *Rage:     It berserks you when you make melee attacks (+20% chance).
 h - a +1 war axe of flaming {Ashmeen}
 o - a +1 spectral broad axe (weapon) {Lucía}
 w - a +0 broad axe
 y - a +5 broad axe of flaming (offhand) {Ujjalroop}
Missiles
 a - 23 poisoned darts
 l - 5 javelins (quivered)
 s - 4 throwing nets
 t - 8 atropa-tipped darts
 B - 5 curare-tipped darts
 T - 19 boomerangs
 X - 11 darts of dispersal
Armour
 j - the +4 crystal plate armour "Qoataal" (worn) {Will+ MP+9}
   (You acquired it on level 3 of the Spider Nest)

   Will+:     It increases your willpower.
   MP+9:      It affects your magic capacity (+9).
 k - the +2 plate armour of Theory {rC+ Int+4}
   (You found it on level 5 of the Pits of Slime)

   Int+4:     It affects your intelligence (+4).
   rC+:       It protects you from cold.
 G - a +2 helmet
 J - a scarf of resistance (worn)
 R - +1 ice dragon scales
Jewellery
 b - a +5 ring of evasion (right grasper)
 m - a +6 ring of dexterity (left grasper)
 n - an amulet of guardian spirit (around neck)
 r - a ring of protection from fire
 x - a ring of protection from cold
 D - a +6 ring of dexterity
 M - a ring of positive energy
 Q - a ring of flight
 U - a ring of fire
Wands
 p - a wand of iceblast (35)
 A - a wand of mindburst (2)
 N - a wand of paralysis (25)
 S - a wand of flame (6)
Scrolls
 f - 8 scrolls of teleportation
 q - 2 scrolls of fear
 E - 3 scrolls of amnesia
 I - 2 scrolls of revelation
 O - 2 scrolls of fog
 V - a scroll of summoning
Potions
 c - 3 potions of heal wounds
 e - a potion of might
 g - 7 potions of brilliance
 i - 5 potions of mutation
 u - 5 potions of invisibility
 z - 2 potions of berserk rage
 F - a potion of attraction
 H - 6 potions of haste
 K - 8 potions of curing
 L - 3 potions of enlightenment
 P - 12 potions of ambrosia
 W - 3 potions of cancellation
Miscellaneous
 v - a phantom mirror
 Y - a lightning rod (4/4)
 Z - a condenser vane (inert)


   Skills:
 * Level 18.4 Fighting
 - Level 20.0 Axes
 + Level 6.4 Throwing
 * Level 14.7 Armour
 + Level 14.4 Dodging
 - Level 5.0 Evocations


You had 18 spell levels left.
You didn't know any spells.
Your spell library contained the following spells:

 Spells                   Type           Power      Damage    Failure   Level
 Foxfire                  Conj/Fire      0%         2x1d4     100%        1
 Magic Dart               Conj           0%         1d3       100%        1
 Ensorcelled Hibernation  Hex/Ice        0%         N/A       100%        2
 Jinxbite                 Hex            0%         N/A       100%        2
 Mercury Vapours          Alch/Air       0%         N/A       100%        2
 Searing Ray              Conj           0%         2d4       100%        2
 Fugue of the Fallen      Necr           0%         N/A       100%        3
 Gell's Gravitas          Tloc           0%         N/A       100%        3
 Inner Flame              Hex/Fire       0%         N/A       100%        3
 Ozocubu's Armour         Ice            0%         N/A       100%        3
 Passwall                 Erth           0%         N/A       100%        3
 Swiftness                Air            0%         N/A       100%        3
 Teleport Other           Tloc           0%         N/A       100%        3
 Tukima's Dance           Hex            0%         N/A       100%        3
 Anguish                  Hex/Necr       0%         N/A       100%        4
 Animate Armour           Summ/Erth      0%         N/A       100%        4
 Brom's Barrelling Bould  Conj/Erth      0%         2d3       100%        4
 Fulminant Prism          Conj/Alch      0%         3d5       100%        4
 Ignite Poison            Fire/Alch      0%         N/A       100%        4
 Manifold Assault         Tloc           0%         N/A       100%        4
 Martyr's Knell           Necr/Summ      0%         N/A       100%        4
 Passage of Golubria      Tloc           0%         N/A       100%        4
 Sticky Flame             Fire/Alch      0%         2d4       100%        4
 Summon Blazeheart Golem  Fire/Summ      0%         N/A       100%        4
 Alistair's Intoxication  Alch           0%         N/A       100%        5
 Fireball                 Conj/Fire      0%         3d3       100%        5
 Iskenderun's Battlesphe  Conj           0%         2d6       100%        5
 Summon Mana Viper        Hex/Summ       0%         N/A       100%        5
 Yara's Violent Unravell  Hex/Alch       0%         3d3       100%        5
 Conjure Ball Lightning   Conj/Air       0%         3x3d6     100%        6
 Dispersal                Tloc           0%         N/A       100%        6
 Plasma Beam              Fire/Air       0%         2x1d10    100%        6
 Starburst                Conj/Fire      0%         6d3       100%        6
 Orb of Destruction       Conj           0%         9d5       100%        7
 Spellforged Servitor     Conj/Summ      0%         N/A       100%        7
 Disjunction              Tloc           0%         N/A       100%        8
 Ignition                 Fire           0%         3d3       100%        8


Dungeon Overview and Level Annotations

Branches:
Dungeon (15/15)            Temple (1/1) D:7            Lair (5/5) D:10
  Swamp (4/4) Lair:2       Spider (4/4) Lair:3        Slime (5/5) Lair:4
    Orc (2/2) D:9             Elf (0/3) Orc:2        Vaults (5/5) D:13
 Depths (0/4) D:15
  Crypt: Vaults:2-3

Altars:
Ashenzari
Cheibriados
Dithmenos
Elyvilon
Fedhas
Gozag
Hepliaklqana
Kikubaaqudgha
Makhleb
Nemelex Xobeh
Okawaru
Qazlal
Ru
Sif Muna
Trog
Uskayaw
Vehumet
Wu Jian
Xom
Yredelemnul
Zin
The Shining One
Beogh
Jiyva

Shops:
D:5 (   D:9 (   Orc:2 :[![   Vaults:1 *   Vaults:2 [   Vaults:3 ?!=

Portals:
Trove: Vaults:3 (give +4 shadow dragon scales)

Annotations:
D:5 3 runed translucent doors, ninjaread99's ghost, amateur DrCj
D:13 2 transporters
Slime:5 Royal Jelly


Innate Abilities, Weirdness & Mutations

You can wield a second weapon in your off-hand.
It takes a long time for you to wield or remove held weapons.
Your first few attacks do less damage.
Attacking and casting redirects power from your legs.
You have a pair of small antennae on your head.
You are strong-willed. (Will+)
You passively map the area around you.
Your muscles are very strong. (Str +8, Int/Dex -2)
Your body has grown eyes which may confuse attackers. (Acc +3)
Your gelatinous body deflects attacks. (AC +3, EV +3)
Armour fits poorly on your large pseudopods.
You have a small jelly attached to you that senses nearby items.
You have a small jelly attached to you that may absorb projectiles.


Message History

You burn the vault guard!
You kill the vault guard!
The yaktaur captain shoots a bolt.
The bolt hits you.
The orc knight is engulfed in blazing flames.
Your +1 spectral broad axe {Lucía} disappears.
You are no longer unable to travel.
The vault guard seems less confused.
The ghostly vault guard hits you but does no damage.
The vault guard hits you from afar with a +0 halberd!
The yaktaur captain shoots a bolt.
The bolt hits you!!
Your attached jelly eats the bolt!
You feel better. The bolt freezes you.
Items here: ))) [[[[[ ††.
Okay, then.
You drop 3 potions of magic.
The ghostly vault guard misses you. The vault guard completely misses you.
The yaktaur captain shoots a bolt.
The bolt misses you.
The bolt hits the vault guard!
The bolt freezes the vault guard.
w - a +0 broad axe A yaktaur captain comes into view.
The ghostly vault guard hits you with a +0 bardiche!!
The vault guard barely misses you.
The vault guard hits you from afar with a +0 halberd.
Unknown command.
Found a staff of conjuration and a polished scimitar.
There is an escape hatch in the ceiling, spattered with blood here.
Items here: ))) [.
Okay, then.
The tengu reaver gestures at you while chanting.
The bolt of cold hits you! You resist.
The yaktaur captain wields a +0 arbalest.
The yaktaur captain shoots a bolt.
The bolt hits you!!!
* * * LOW HITPOINT WARNING * * *
Your attached jelly eats the bolt!
You feel better.
The ghostly vault guard hits you from afar with a +0 bardiche!
* * * LOW HITPOINT WARNING * * *
The yaktaur captain is engulfed in poison gas.
The yaktaur captain is poisoned.
The yaktaur captain shoots a bolt.
The bolt hits you!!!
You die...
Jiyva sends a jelly to digest your remains.

* , , , ,* , * ,,
....#....#..## ,
,, ,,
..§.#....#...( , ,
, , ,o§§§......c.,
, * *
####.§......#### *
, ....°O§§o.......
, , , ,
...§☼c☼<<§......,,
,, ,,
,.....§<))§§.....
, ,, , , ,
,.....§pQ@.§.....
, *
####§.)!p...#### *
* * * ,
,#.§.p†.....# ,,
,, *
,#.#.#..§.#..... *
* , ,
#.#.##.§..##...|**
* *##.#∆#.§..#
...# , ## #.§§.#
,)## * , ,* * *
#....# # , ,* , **
*#....# *


You could see a tengu reaver (repels missiles), 2 yaktaur captains, 2 vault
guards, a ghostly vault guard, an orc knight (confused), an ogre and an orc.

Vanquished Creatures
  the Lernaean hydra (Swamp:4)
  Asterion (Vaults:1)
  A tentacled monstrosity (Vaults:5)
  Frances (Spider:1)
  2 thorn hunters
  2 fenstrider witches
  7 ghost moths
  A curse skull (Vaults:3)
  A vault warden (Vaults:1)
  2 angels
  A ghoul (Vaults:3)
  8 ironbound preservers
  An ironbound thunderhulk (Vaults:3)
  3 broodmothers (Spider:4)
  2 stone giants
  2 eleionomae
  3 war gargoyles
  4 bunyips
  A deep elf death mage (Vaults:5)
  A spark wasp (Spider:2)
  A crystal guardian (Vaults:3)
  3 ettins
  The ghost of Fima Pod the Grand Scion, a journeyman DsGl of Hepliaklqana (D:14)
  20 vault guards
  4 yaktaur captains
  4 entropy weavers
  An ice dragon (Lair:5)
  A rakshasa (D:14)
  A jorogumo (Spider:3)
  A peacekeeper (Vaults:3)
  5 ironbound frosthearts
  19 hydras
  13 centaur warriors
  3 ghost crabs (Swamp:3)
  The ghost of Myasimauvo the Eclecticist, a journeyman DEHW of Vehumet (D:14)
  9 alligators
  4 radroaches (Spider:4)
  A catoblepas (D:12)
  4 ogre magi
  3 death yaks (Lair:2)
  A death knight (D:13)
  6 boulder beetles
  3 tengu warriors
  9 two-headed ogres
  2 demonic crawlers (Spider:4)
  An orc high priest (Orc:1)
  5 skeletal warriors
  4 pharaoh ants
  7 spriggan druids
  4 goliath frogs
  12 swamp dragons
  4 arcanists
  19 deep trolls
  8 orb spiders
  2 bog bodies
  A deep elf archer (D:13)
  6 lindwurms
  6 steelbarb worms
  3 harpies (Vaults:1)
  8 ironbound convokers
  3 deep elf pyromancers (D:13)
  A phantasmal warrior (D:13)
  5 orc knights
  19 wolf spiders
  11 ugly things
  3 cyclopes
  2 manticores
  10 orc sorcerers
  2 will-o-the-wisps (Swamp:4)
  4 moths of wrath
  9 meliai
  A meliai (shapeshifter) (D:13)
  4 black mambas
  8 vault sentinels
  9 torpor snails
  13 cane toads
  2 gargoyles (D:10)
  3 unseen horrors
  2 rime drakes
  10 komodo dragons
  3 freezing wraiths
  A tengu conjurer (D:13)
  13 yaktaurs
  A queen bee (Lair:4)
  A queen bee (shapeshifter) (D:10)
  4 trolls
  2 bloated husks
  13 tyrant leeches
  21 hornets
  2 polar bears
  17 blink frogs
  Prince Ribbit (D:6)
  18 tarantellas
  26 jumping spiders
  22 culicivoras
  15 spriggans
  2 wraiths
  A water elemental (D:11)
  2 basilisks
  3 wyverns
  45 yaks
  3 steam dragons
  12 vampire mosquitoes
  6 wargs
  46 redbacks
  18 swamp worms
  3 acid dragons (D:11)
  12 water moccasins
  18 orc warriors
  2 ice beasts
  6 black bears
  13 swamp drakes
  18 ogres
  21 wolves
  6 centaurs
  A phantom (D:3)
  14 bullfrogs
  3 kobold brigands
  4 scorpions
  3 gnoll sergeants
  5 wights (D:7)
  28 killer bees
  5 electric eels
  2 howler monkeys
  3 bombardier beetles
  A hound (D:6)
  16 orc priests
  2 gnoll boudas
  4 jellies
  4 iguanas
  Terence (D:2)
  4 sleepcaps
  7 hell rats (Lair:3)
  28 orc wizards
  20 gnolls
  7 adders
  A shadow imp (D:6)
  3 white imps
  3 ribbon worms
  5 dart slugs
  60 orcs
  10 endoplasms
  3 giant cockroaches
  7 goblins
  4 hobgoblins
  4 jackals (D:4)
  17 kobolds
  4 quokkas
  8 ball pythons
  A bat (D:1)
  3 frilled lizards (D:2)
  3 rats
  A spectral weapon (Vaults:1)
1072 creatures vanquished.

Vanquished Creatures (collateral kills)
  An orb spider (Spider:4)
  3 yaks (D:9)
  A redback (Spider:4)
5 creatures vanquished.

Vanquished Creatures (others)
  A fire giant (Vaults:3)
  A vault warden (Vaults:3)
  2 formless jellyfish (Vaults:3)
  An ironbound preserver (Vaults:3)
  A dire elephant (Vaults:3)
  A glowing orange brain (Vaults:3)
  A two-headed ogre (D:14)
  A skeletal warrior (Vaults:3)
  An ironbound convoker (Vaults:1)
  A spriggan druid (Swamp:1)
  A lindwurm (Vaults:3)
  An ugly thing (D:13)
  A manticore (shapeshifter) (Vaults:5)
  2 vault sentinels (Vaults:3)
  A gargoyle (D:13)
  3 yaktaurs (Vaults:1)
  A troll (Vaults:5)
  12 slime creatures
  A wraith (Vaults:3)
  A wyvern (Lair:5)
  A warg (Orc:1)
  3 swamp worms
  A swamp drake (Swamp:3)
  2 orc warriors
  An ogre (Vaults:5)
  69 jellies
  7 orc wizards
  12 orcs
  10 foxfires (Swamp:4)
  7 spectral weapons
148 creatures vanquished.

Grand Total: 1225 creatures vanquished

Notes
Turn   | Place    | Note
-------+----------+-------------------------------------------
     0 | D:1      | snarfax the Coglin Gladiator began the quest for the Orb.
     0 | D:1      | Reached XP level 1. HP: 16/16 MP: 1/1
   118 | D:1      | Found a roughly hewn altar of Beogh.
   132 | D:1      | Reached XP level 2. HP: 17/22 MP: 2/2
   162 | D:1      | Found a faded altar of an unknown god.
   300 | D:1      | Reached skill level 1 in Armour
   689 | D:1      | Reached XP level 3. HP: 27/27 MP: 3/3
   863 | D:2      | Reached skill level 4 in Axes
  1005 | D:2      | Noticed Terence
  1041 | D:2      | Killed Terence
  1042 | D:2      | Reached XP level 4. HP: 33/33 MP: 4/4
  1607 | D:3      | Noticed a phantom
  1619 | D:3      | Killed a phantom
  1620 | D:3      | Reached skill level 5 in Axes
  1620 | D:3      | Reached XP level 5. HP: 26/38 MP: 5/5
  1775 | D:3      | Found a broken altar of Ashenzari.
  1880 | D:3      | Reached XP level 6. HP: 44/44 MP: 6/6
  1977 | D:3      | Found a snail-covered altar of Cheibriados.
  1981 | D:3      | Found an ancient bone altar of Kikubaaqudgha.
  1986 | D:3      | Found a shimmering altar of Xom.
  1986 | D:3      | Found a sacrificial altar of Ru.
  1996 | D:3      | Found a stormy altar of Qazlal.
  2399 | D:3      | Found an opulent altar of Gozag.
  2595 | D:4      | Reached skill level 6 in Axes
  2661 | D:4      | Found a hazy altar of Hepliaklqana.
  2693 | D:4      | Found a glowing golden altar of the Shining One.
  3091 | D:4      | Reached XP level 7. HP: 50/50 MP: 7/7
  3310 | D:4      | Identified the +1 trident "Xyhe" {drain, Str+2}
  3580 | D:5      | Entered Level 5 of the Dungeon
  3583 | D:5      | Found a runed translucent gate.
  3583 | D:5      | Found a runed translucent gate.
  3583 | D:5      | Found a runed translucent gate.
  3633 | D:5      | Reached skill level 7 in Axes
  3997 | D:5      | Found Ushuo's Hydra Hut.
  4066 | D:5      | Noticed a four-headed hydra
  4069 | D:5      | Bought a +0 war axe of flaming for 91 gold pieces
  4155 | D:5      | Found a sparkling altar of Nemelex Xobeh.
  4161 | D:5      | Reached XP level 8. HP: 28/57 MP: 8/8
  4321 | D:5      | Found a burning altar of Makhleb.
  4755 | D:5      | Noticed ninjaread99's ghost (amateur DrCj)
  4925 | D:6      | Noticed Prince Ribbit
  4931 | D:6      | Noticed a troll
  4934 | D:6      | Killed a troll
  4935 | D:6      | Reached skill level 8 in Axes
  4936 | D:6      | Killed Prince Ribbit
  4938 | D:6      | Reached skill level 5 in Armour
  4947 | D:6      | Reached XP level 9. HP: 39/65 MP: 9/9
  5240 | D:6      | Found a basalt altar of Yredelemnul.
  5456 | D:6      | Reached skill level 9 in Axes
  6190 | D:7      | Noticed a troll
  6204 | D:7      | Killed a troll
  6205 | D:7      | Reached skill level 5 in Fighting
  6208 | D:7      | Reached skill level 10 in Axes
  6208 | D:7      | Reached skill level 5 in Dodging
  6339 | D:7      | Found a staircase to the Ecumenical Temple.
  6348 | Temple   | Entered the Ecumenical Temple
  6387 | Temple   | Became a worshipper of Elyvilon the Healer
  6822 | D:7      | Reached skill level 11 in Axes
  6822 | D:7      | Found an ornate altar of the Wu Jian Council.
  6822 | D:7      | Found an iron altar of Okawaru.
  6854 | D:7      | Reached XP level 10. HP: 73/74 MP: 10/10
  6874 | D:7      | Found a hide-covered altar of Uskayaw.
  7242 | D:8      | Identified the +5 halberd "Ycyol Woyh" {flame, rC+ Will+}
  7242 | D:8      | Noticed a centaur warrior
  7250 | D:8      | Killed a centaur warrior
  7251 | D:8      | Reached skill level 12 in Axes
  7363 | D:8      | Reached * piety under Elyvilon
  7522 | D:8      | Noticed a two-headed ogre
  7531 | D:8      | Killed a two-headed ogre
  7857 | D:8      | Found a bloodstained altar of Trog.
  8264 | D:8      | Reached ** piety under Elyvilon
  8281 | D:8      | Reached skill level 13 in Axes
  8822 | D:5      | Bought a +2 broad axe of flaming for 211 gold pieces
  8938 | D:9      | Found a staircase to the Orcish Mines.
  9062 | D:9      | Found Keudorr's Weapon Boutique.
  9516 | D:9      | Reached XP level 11. HP: 41/81 MP: 11/11
  9533 | D:9      | Reached skill level 14 in Axes
  9806 | D:9      | Reached *** piety under Elyvilon
  9939 | D:10     | Entered Level 10 of the Dungeon
 10162 | D:10     | Found a staircase to the Lair.
 10174 | Lair:1   | Entered Level 1 of the Lair of Beasts
 10323 | Lair:1   | Identified a scroll of acquirement
 10464 | Lair:1   | Reached skill level 15 in Axes
 10732 | Lair:1   | Reached **** piety under Elyvilon
 11090 | Lair:1   | Reached XP level 12. HP: 82/93 MP: 12/12
 11289 | Lair:2   | Reached skill level 16 in Axes
 11567 | Lair:2   | Found a staircase to the Swamp.
 11758 | Lair:2   | Noticed a boulder beetle
 11770 | Lair:2   | Noticed a death yak
 11772 | Lair:2   | Noticed a death yak
 11773 | Lair:2   | Noticed a death yak
 11787 | Lair:2   | Killed a death yak
 11787 | Lair:2   | Killed a boulder beetle
 11789 | Lair:2   | Killed a death yak
 12079 | Lair:2   | Killed a death yak
 12080 | Lair:2   | Reached skill level 17 in Axes
 12500 | Lair:3   | Found a hazy altar of Hepliaklqana.
 12503 | Lair:3   | Reached ***** piety under Elyvilon
 12518 | Lair:3   | Reached skill level 10 in Fighting
 12692 | Lair:3   | Reached XP level 13. HP: 103/103 MP: 13/13
 13520 | Lair:3   | Found a hole to the Spider Nest.
 14135 | Lair:4   | Reached skill level 18 in Axes
 14627 | Lair:4   | Found a viscous altar of Jiyva.
 14628 | Lair:4   | Found a staircase to the Slime Pits.
 14635 | Lair:4   | Fell from the grace of Elyvilon
 14635 | Lair:4   | Became a worshipper of Jiyva Jizazegh the Shapeless
 14638 | Slime:1  | Entered Level 1 of the Pits of Slime
 14638 | Slime:1  | Noticed a rockslime
 14665 | Slime:1  | Noticed a formless jellyfish
 14682 | Slime:3  | Noticed an acid blob
 14686 | Slime:4  | Noticed an acid blob
 14687 | Slime:4  | Noticed a quicksilver ooze
 14692 | Slime:5  | Entered Level 5 of the Pits of Slime
 14692 | Slime:5  | Noticed an azure jelly
 14699 | Slime:5  | Noticed an azure jelly
 14700 | Slime:5  | Noticed an acid blob
 14705 | Slime:5  | Noticed an acid blob
 14709 | Slime:5  | Noticed an acid blob
 14710 | Slime:5  | Noticed a great orb of eyes
 14711 | Slime:5  | Found a viscous altar of Jiyva.
 14712 | Slime:5  | Noticed a formless jellyfish
 14712 | Slime:5  | Noticed the Royal Jelly
 14712 | Slime:5  | Noticed an acid blob
 14712 | Slime:5  | Noticed an acid blob
 14715 | Slime:5  | Noticed an azure jelly
 14727 | Slime:5  | Noticed a quicksilver ooze
 14742 | Slime:5  | Noticed an acid blob
 14770 | Slime:1  | Noticed a formless jellyfish
 14836 | Lair:5   | Entered Level 5 of the Lair of Beasts
 15082 | Lair:5   | Reached * piety under Jiyva
 15262 | Lair:5   | Paralysed by a hornet for 2 turns
 15441 | Lair:5   | Reached XP level 14. HP: 110/113 MP: 14/14
 15930 | Lair:5   | Acquired the +6 war axe of Bloody Death {vamp, *Rage rPois
                  | rN+ MP+9}
 16091 | D:10     | Reached ** piety under Jiyva
 16824 | D:11     | Reached *** piety under Jiyva
 16890 | D:11     | Found a stormy altar of Qazlal.
 17008 | D:11     | Gained mutation: You have a small jelly attached to you
                  | that may absorb projectiles. [Jiyva's grace]
 17008 | D:11     | Gained mutation: You have a small jelly attached to you
                  | that senses nearby items. [Jiyva's grace]
 17008 | D:11     | Gained mutation: Your melee attacks may engulf your foes in
                  | ooze. [Jiyva's grace]
 17008 | D:11     | Gained mutation: Your muscles are strong. (Str +4, Int/Dex
                  | -1) [Jiyva's grace]
 17584 | D:11     | Reached **** piety under Jiyva
 17862 | D:12     | Got the Omnibus of the Frigorific Curse
 18399 | D:12     | Reached ***** piety under Jiyva
 18510 | D:12     | Gained mutation: Your rubbery body absorbs attacks. (AC +1,
                  | EV +1) [Jiyva's grace]
 18510 | D:12     | Gained mutation: Your pliable body absorbs attacks. (AC +2,
                  | EV +2) [Jiyva's grace]
 18510 | D:12     | Gained mutation: Your gelatinous body deflects attacks. (AC
                  | +3, EV +3) [Jiyva's grace]
 18510 | D:12     | Gained mutation: You possess an exceptional clarity of
                  | mind. [Jiyva's grace]
 18593 | D:12     | Found a blossoming altar of Fedhas.
 19064 | D:13     | Found a transporter.
 19435 | D:13     | Found a transporter.
 19438 | D:13     | Noticed a white very ugly thing
 19566 | D:13     | Found a gate to the Vaults.
 19822 | D:14     | Reached XP level 15. HP: 114/123 MP: 15/15
 20157 | D:14     | Found a runed translucent gate.
 20157 | D:14     | Found a runed translucent gate.
 20158 | D:14     | Found a runed translucent gate.
 20159 | D:14     | Noticed Myasimauvo's ghost (journeyman DEHW)
 20159 | D:14     | Noticed Fima Pod's ghost (journeyman DsGl)
 20426 | D:14     | Killed Myasimauvo's ghost
 20435 | D:14     | Killed Fima Pod's ghost
 20473 | D:15     | Entered Level 15 of the Dungeon
 20661 | D:15     | Lost mutation: You possess an exceptional clarity of mind.
                  | [Jiyva's grace]
 20661 | D:15     | Lost mutation: Your gelatinous body deflects attacks. (AC
                  | +3, EV +3) [Jiyva's grace]
 20661 | D:15     | Gained mutation: You have acidic saliva. [Jiyva's grace]
 20661 | D:15     | Gained mutation: You passively map a small area around you.
                  | [Jiyva's grace]
 20661 | D:15     | Gained mutation: You passively map the area around you.
                  | [Jiyva's grace]
 20661 | D:15     | Gained mutation: You passively map a large area around you.
                  | [Jiyva's grace]
 20846 | D:15     | Reached ****** piety under Jiyva
 20888 | D:15     | Reached skill level 10 in Armour
 20888 | D:15     | Reached skill level 10 in Dodging
 20950 | D:15     | Found a staircase to the Depths.
 20979 | D:15     | Got Bisas's Quarto of Charred Calling
 21498 | Slime:3  | Noticed a rockslime
 21526 | Slime:5  | Noticed an acid blob
 21530 | Slime:5  | Noticed an acid blob
 21538 | Slime:5  | Identified the staff of Light {+Blink rElec rPois Int-2
                  | Stlth+ Alchemy}
 21539 | Slime:5  | Got a starry gem with 363 turns to spare
 21545 | Slime:5  | Got a slimy rune of Zot
 21558 | Slime:5  | Identified the +2 plate armour of Theory {rC+ Int+4}
 21579 | Slime:5  | Identified the staff of Wealth {rN+ Will++ Int-2 Necro}
 21598 | Slime:5  | Noticed an acid blob
 21634 | Slime:2  | Noticed a rockslime
 21638 | Slime:2  | Noticed an acid blob
 21778 | Orc:1    | Entered Level 1 of the Orcish Mines
 22121 | Orc:2    | Entered Level 2 of the Orcish Mines
 22163 | Orc:2    | Reached skill level 1 in Evocations
 22195 | Orc:2    | Found a staircase to the Elven Halls.
 22379 | Orc:2    | Found Esedir's Book Shop.
 22399 | Orc:2    | Found a radiant altar of Vehumet.
 22408 | Orc:2    | Found Nootoosh's Antique Armour Shop.
 22429 | Orc:2    | Found an ancient bone altar of Kikubaaqudgha.
 22860 | Orc:2    | Found a roughly hewn altar of Beogh.
 22942 | Orc:2    | Found a roughly hewn altar of Beogh.
 22942 | Orc:2    | Found Waehom's Distillery.
 22949 | Orc:2    | Found Keotirche's Antique Armour Boutique.
 22951 | Orc:2    | Bought a potion of curing for 42 gold pieces
 22951 | Orc:2    | Bought a potion of cancellation for 112 gold pieces
 22951 | Orc:2    | Bought a potion of heal wounds for 70 gold pieces
 23152 | Spider:1 | Entered Level 1 of the Spider Nest
 23458 | Spider:1 | Noticed Frances
 23468 | Spider:1 | Killed Frances
 23510 | Spider:2 | Lost mutation: Your muscles are strong. (Str +4, Int/Dex
                  | -1) [Jiyva's grace]
 23510 | Spider:2 | Lost mutation: You have acidic saliva. [Jiyva's grace]
 23510 | Spider:2 | Lost mutation: Your pliable body absorbs attacks. (AC +2,
                  | EV +2) [Jiyva's grace]
 23510 | Spider:2 | Lost mutation: Your melee attacks may engulf your foes in
                  | ooze. [Jiyva's grace]
 23510 | Spider:2 | Gained mutation: You have hidden genetic potential.
                  | [Jiyva's grace]
 23510 | Spider:2 | Gained mutation: You have great hidden genetic potential.
                  | [Jiyva's grace]
 23510 | Spider:2 | Gained mutation: You are resistant to electric shocks.
                  | (rElec) [Jiyva's grace]
 23510 | Spider:2 | Gained mutation: You have a pair of small antennae on your
                  | head. [Jiyva's grace]
 23519 | Spider:2 | Killed a ghost moth
 23525 | Spider:2 | Reached XP level 16. HP: 134/134 MP: 16/16
 23589 | Spider:3 | Acquired the +4 crystal plate armour "Qoataal" {Will+ MP+9}
 23631 | Spider:4 | Entered Level 4 of the Spider Nest
 23658 | Spider:4 | Reached skill level 5 in Evocations
 24276 | Spider:4 | Reached skill level 15 in Fighting
 24314 | Spider:4 | Got a milky-white gem with 1170 turns to spare
 24322 | Spider:4 | Identified the +1 ring mail of Loss {rElec rPois Regen+
                  | Str-3}
 24335 | Spider:4 | Got a gossamer rune of Zot
 24693 | Spider:2 | Gained mutation: You are partially covered in iridescent
                  | scales. (AC +2) [hidden potential]
 25549 | Spider:3 | Reached XP level 17. HP: 87/142 MP: 17/17
 26031 | Spider:3 | Lost mutation: You have great hidden genetic potential.
                  | [Jiyva's grace]
 26031 | Spider:3 | Gained mutation: Your muscles are strong. (Str +4, Int/Dex
                  | -1) [Jiyva's grace]
 26031 | Spider:3 | Gained mutation: Your muscles are very strong. (Str +8,
                  | Int/Dex -2) [Jiyva's grace]
 26031 | Spider:3 | Gained mutation: You expend magic power (3 MP) to
                  | strengthen your wands. [Jiyva's grace]
 26031 | Spider:3 | Gained mutation: You are strong-willed. (Will+) [Jiyva's
                  | grace]
 26123 | Spider:1 | Identified the +2 orcbow of Immorality {heavy, rC+ rN+++
                  | Will+ Dex-5}
 26662 | Swamp:1  | Entered Level 1 of the Swamp
 26706 | Swamp:2  | Paralysed by a fenstrider witch for 5 turns
 26787 | Swamp:3  | Reached skill level 19 in Axes
 26934 | Swamp:4  | Entered Level 4 of the Swamp
 27127 | Swamp:4  | Noticed the 27-headed Lernaean hydra
 27282 | Swamp:4  | Gained mutation: You are agile. (Dex +4, Str/Int -1)
                  | [hidden potential]
 27282 | Swamp:4  | Lost mutation: You have hidden genetic potential. [hidden
                  | potential expressed]
 27287 | Swamp:4  | Killed the 19-headed Lernaean hydra
 27360 | Swamp:4  | Got a mossy gem with 1102 turns to spare
 27363 | Swamp:4  | Got a decaying rune of Zot
 27500 | Swamp:4  | Got Cigotuvi's Disquisition on Transmogrification and
                  | Sinister Arts
 27921 | Swamp:3  | Reached XP level 18. HP: 111/152 MP: 18/18
 29232 | Swamp:1  | Upgraded the game from 0.32-a0-433-g08bcfe7efd to
                  | 0.32-a0-450-g080537f31e
 29397 | Vaults:1 | Entered Level 1 of the Vaults
 29591 | Vaults:1 | Noticed Asterion
 29602 | Vaults:1 | Killed Asterion
 29635 | Vaults:1 | Lost mutation: You are agile. (Dex +4, Str/Int -1) [Jiyva's
                  | grace]
 29635 | Vaults:1 | Lost mutation: You passively map a large area around you.
                  | [Jiyva's grace]
 29635 | Vaults:1 | Lost mutation: You are resistant to electric shocks.
                  | (rElec) [Jiyva's grace]
 29635 | Vaults:1 | Lost mutation: Your rubbery body absorbs attacks. (AC +1,
                  | EV +1) [Jiyva's grace]
 29635 | Vaults:1 | Lost mutation: You have a small jelly attached to you that
                  | senses nearby items. [Jiyva's grace]
 29635 | Vaults:1 | Lost mutation: You expend magic power (3 MP) to strengthen
                  | your wands. [Jiyva's grace]
 29635 | Vaults:1 | Gained mutation: Armour fits poorly on your pseudopods.
                  | [Jiyva's grace]
 29635 | Vaults:1 | Gained mutation: Armour fits poorly on your large
                  | pseudopods. [Jiyva's grace]
 29635 | Vaults:1 | Gained mutation: Armour fits poorly on your massive
                  | pseudopods. [Jiyva's grace]
 29635 | Vaults:1 | Gained mutation: Your body has grown eyes which may confuse
                  | attackers. (Acc +3) [Jiyva's grace]
 30035 | Vaults:1 | Found Hinausti's Assorted Antiques.
 30046 | Vaults:1 | Bought a scroll of acquirement for 988 gold pieces
 30046 | Vaults:1 | Acquired a manual of Throwing
 30748 | Vaults:2 | Found Jise Jat's Armour Shoppe.
 30819 | Vaults:2 | Reached skill level 20 in Axes
 31016 | Vaults:3 | Found a portal to a secret trove of treasure.
 31064 | Vaults:3 | Reached XP level 19. HP: 103/161 MP: 19/19
 31070 | Vaults:3 | Found Biuss's Jewellery Shoppe.
 31131 | Vaults:3 | Lost mutation: You are partially covered in iridescent
                  | scales. (AC +2) [Jiyva's grace]
 31131 | Vaults:3 | Lost mutation: Armour fits poorly on your massive
                  | pseudopods. [Jiyva's grace]
 31131 | Vaults:3 | Gained mutation: Your rubbery body absorbs attacks. (AC +1,
                  | EV +1) [Jiyva's grace]
 31131 | Vaults:3 | Gained mutation: Your pliable body absorbs attacks. (AC +2,
                  | EV +2) [Jiyva's grace]
 31131 | Vaults:3 | Gained mutation: Your gelatinous body deflects attacks. (AC
                  | +3, EV +3) [Jiyva's grace]
 31131 | Vaults:3 | Gained mutation: You have a small jelly attached to you
                  | that senses nearby items. [Jiyva's grace]
 31207 | Vaults:3 | Found Haihu's Distillery.
 31320 | Vaults:3 | Reached skill level 5 in Throwing
 31341 | Vaults:3 | Found Okkeps's Magic Scroll Emporium.
 31423 | Vaults:5 | Entered Level 5 of the Vaults
 31442 | Vaults:5 | Noticed a tentacled monstrosity
 31456 | Vaults:5 | Killed a tentacled monstrosity
 31574 | Vaults:5 | Shot with a bolt by a yaktaur captain

Illustrated notes

Levels and vault maps discovered:
D:1:      pf_arrival_petrified_forest, layout_basic,
          hellmonk_ecumenical_altar_defaced_shrine
D:2:      layout_loops_ring, chequers_serial_rivers_micro_a, uniq_terence
D:3:      layout_loops_ring, nicolae_overflow_hallway_of_the_gods,
          overflow_temple_1_default, nicolae_ashenzari_panopticon
D:4:      layout_gridville, kennysheep_little_box,
          worldfamousw_hep_ancestral_shrine
D:5:      layout_cave_pools, nemelex_dance_club_becter,
          nicolae_overflow_hidden_temple, gammafunk_ghost_icy,
          serial_library_hellmonk_recessed_alcove, doesnt_shop_hydraphobe
D:6:      layout_basic, mainiacjoe_overflow_six_doors_small,
          supply_closet_lemuel, minmay_manual_mandibuliform, uniq_prince_ribbit1
D:7:      layout_basic, grunt_temple_overflow_open, minmay_temple_entry_grid,
          kennysheep_diamond
D:8:      layout_layer_cave, lemuel_doored_altar, minmay_door_square,
          minmay_manual_monstrance
D:9:      layout_long_grid, orc_david_3, nicolae_straight_to_the_point
D:10:     layout_grid_maze, due_lair_maze_entry_diamond
D:11:     cheibrodos_helix_gallery, layout_basic,
          nicolae_qazlal_style_of_elements
D:12:     layout_layer_cave, fedhas_ov_isle_minmay
D:13:     gammafunk_cloud_chamber, layout_long_grid,
          hangedman_vaults_entry_quadrant_bands
D:14:     layout_loops_ring, gammafunk_ghost_cemetery, chequers_avenue
D:15:     grunt_enter_depths_snipers, layout_loops_ring, minmay_misc_feat_tiny
Temple:   hellmonk_temple_beads
Lair:1:   layout_small_grid
Lair:2:   layout_roguey, minmay_swamp_entry_worms, grunt_megastairs_3,
          lemuel_fruit_tree, serial_bayou_shore_b
Lair:3:   layout_chaotic_city, hellmonk_spider_entry_life_and_decay, basic_altar
Lair:4:   layout_small_grid, dpeg_slime_entry_corner, special_room
          [special_room_bee], serial_bayou_shore_b
Lair:5:   wormcave, layout_gridlike, chequers_serial_rivers_marsh,
          chequers_serial_rivers_micro_c, serial_bayou_lagoon_a,
          serial_bayou_shore_b
Swamp:1:  layout_basic_swamp, evilmike_swamp_ruin_house_4
Swamp:2:  layout_falls_marsh, nicolae_swamp_rocky_clearing, swamp_pool_4
Swamp:3:  layout_basic_swamp, hangedman_swamp_ruin_wall, swamp_pool_5
Swamp:4:  swamp_old_school, layout_basic_swamp, infiniplex_staircase_pool
Spider:1: layout_spider_delve, uniq_frances
Spider:2: layout_spider_delve
Spider:3: layout_spider_delve, hangedman_spider_tarantella_strand
Spider:4: grunt_spider_rune_parallel, drop_trap, nicolae_spider_shape
Slime:1:  layout_caves, nicolae_slime_barrier,
          cheibrodos_slime_lost_civilization_6
Slime:2:  layout_caves, nicolae_slime_rock_hall_of_fame
Slime:3:  layout_caves
Slime:4:  layout_caves
Slime:5:  slime_pit
Orc:1:    layout_caves, serial_shops
Orc:2:    kennysheep_orc_mage_school, layout_caves, minmay_orc_temple_b
Vaults:1: infiniplex_enter_wizlab_spiral, nicolae_vaults_shock_wave,
          vaults_mumra_minichess, nicolae_vaults_offset_grid_hallway_3,
          nicolae_vaults_frosty_reception, vaults_mumra_lcd, v_misc_3,
          vaults_room_fours, nicolae_vaults_tetromino_Z_1,
          nicolae_vaults_wrenched, nicolae_vaults_diamond_2, v_misc_10,
          nicolae_vaults_little_squares_2, nicolae_vaults_tetromino_L_2,
          layout_vaults_omnicross, serial_shops, shop, uniq_asterion
Vaults:2: vaults_dpeg_ring, nicolae_vaults_shelves_hall, vaults_dpeg_hooks,
          nicolae_vaults_diagonal_hallway_8, ontoclasm_vaults_loading_screen,
          vaults_room_pool, layout_vaults_quadrants, serial_shops, shop
Vaults:3: ontoclasm_vaults_ligature, vaults_room_corners, grunt_vaults_bifocal,
          minmay_crypt_entry_simple_statues, v_rooms_5,
          nicolae_vaults_hexular_roomagon, nicolae_vaults_closet_pinwheel_1,
          vaults_mumra_chevron, nicolae_vaults_more_shelving_2,
          vaults_room_hallway, nicolae_vaults_hallways_thing,
          vaults_room_grunt_arrival_checkpoint, v_misc_29, lemuel_angel_altar,
          vaults_room_grid, layout_vaults_omnibox, serial_shops,
          nicolae_shop_industrial_runoff, nicolae_shop_window_shopping,
          nicolae_diamond_shop, enter_trove_6
Vaults:4: portal_desolation_entry_holy_temple, nicolae_vaults_mitosis, v_misc_3,
          vaults_room_pool, nicolae_vaults_turnstiles,
          nicolae_vaults_little_squares_2, nicolae_vaults_trapezoid_lopsided_1,
          hangedman_vaults_river_flow, nicolae_vaults_apartment_2,
          nicolae_vaults_weapon_check, nicolae_vaults_double_plus_1,
          layout_vaults_chaotic_city, serial_shops, shop
Vaults:5

Skill      XL: |  1  2  3  4  5  6  7  8  9 10 11 12 13 14 15 16 17 18 19 |
---------------+----------------------------------------------------------+-----
Armour         | 1 2 3 4 5 7 9 11 12 13 14 | 14.7
Axes           | 4 5 6 7 8 11 13 15 17 18 19 20 | 20.0
Dodging        | 3 4 5 7 9 11 12 13 14 | 14.4
Fighting       | 4 5 8 10 11 13 14 15 16 17 18 | 18.4
Evocations     | 4 5 |  5.0
Throwing       | 3 6 |  6.4

Action                     |  1- 3 |  4- 6 |  7- 9 | 10-12 | 13-15 | 16-18 | 19-21 || total
---------------------------+-------+-------+-------+-------+-------+-------+-------++-------
  Melee: Hand axe          |    45 |    68 |    43 |       |       |       |       ||   156
         War axe           |    45 |    77 |   297 |   365 |   559 |   596 |       ||  1939
         Broad axe         |       |       |       |   245 |   603 |   837 |   218 ||  1903
         Bite              |       |       |       |       |    32 |       |       ||    32
         Pseudopods        |       |       |       |       |       |    26 |    43 ||    69
  Throw: Throwing net      |     1 |     1 |     1 |     2 |       |       |       ||     5
         Javelin           |       |     2 |     1 |     2 |       |     1 |       ||     6
         Dart              |       |       |       |    11 |       |       |       ||    11
 Invoke: Purification      |       |       |       |     1 |       |       |       ||     1
         Oozemancy         |       |       |       |       |       |     5 |       ||     5
  Evoke: Wand              |       |       |       |       |       |     1 |    11 ||    12
         Condenser vane    |       |       |       |       |       |       |     1 ||     1
    Use: Scroll            |     1 |       |    11 |    15 |     6 |     9 |     3 ||    45
         Potion            |       |       |     2 |     2 |       |     2 |     4 ||    10
   Stab: Sleeping          |     1 |       |       |       |       |       |       ||     1
         Held in net/web   |     2 |     1 |       |     2 |       |       |       ||     5
         Distracted        |       |       |       |       |       |     5 |     5 ||    10
         Confused          |       |       |       |       |       |       |     2 ||     2
 Armour: Leather armour    |    19 |       |       |       |       |       |       ||    19
         Scale mail        |       |    56 |    96 |   135 |   290 |       |       ||   577
         Plate armour      |       |       |       |       |    79 |     6 |       ||    85
         Crystal plate arm |       |       |       |       |       |  1159 |   105 ||  1264
  Dodge: Dodged            |    30 |    36 |   116 |   213 |   438 |   585 |   103 ||  1521

Table legend: (Time is in decaauts)
 A = Elapsed time spent in this place.
 B = Non-inter-level travel time spent in this place.
 C = Inter-level travel time spent in this place.
 D = Time resting spent in this place.
 E = Time spent auto-exploring this place.
 F = Levels seen in this place.
 G = Mean time per level.
                   A        B        C        D        E       F      G
               +--------+--------+--------+--------+--------+-----+--------+
         Total |  31683 |  29494 |   2189 |   1386 |  22108 |  41 |  772.8 |
       Dungeon |  15664 |  14654 |   1010 |    790 |  11709 |  15 | 1044.3 |
        Temple |     78 |      2 |     76 |      0 |      0 |   1 |   78.0 |
          Lair |   6001 |   5478 |    523 |    306 |   4340 |   5 | 1200.2 |
         Swamp |   2565 |   2478 |     87 |     93 |   1516 |   4 |  641.2 |
   Spider Nest |   3576 |   3392 |    184 |     94 |   2220 |   4 |  894.0 |
    Slime Pits |    367 |    165 |    202 |      0 |      0 |   5 |   73.4 |
  Orcish Mines |   1333 |   1284 |     49 |      3 |    914 |   2 |  666.5 |
        Vaults |   2095 |   2039 |     56 |     98 |   1409 |   5 |  419.0 |
               +--------+--------+--------+--------+--------+-----+--------+

Top non-repeatable levels by time:
     D:7: 1450 daAuts
     D:8: 1428 daAuts
  Lair:2: 1339 daAuts
  Lair:3: 1301 daAuts
Vaults:1: 1279 daAuts
     D:4: 1197 daAuts
  Lair:1: 1167 daAuts
  Lair:5: 1124 daAuts
     D:5: 1113 daAuts
    D:12: 1106 daAuts
    D:11: 1096 daAuts
     D:9: 1094 daAuts
    D:10: 1084 daAuts
  Lair:4: 1068 daAuts
Spider:2: 1062 daAuts
